 Dungeon Crawl Stone Soup version 0.20-a0-893-g832831a (webtiles) character file.

583495 GodofButter the Hoplite (level 27, -55/162 HPs)
             Began as a Gargoyle Fighter on Mar 17, 2017.
             Was the Champion of Makhleb.
             Killed from afar by an orb of fire (86 damage)
             ... with a bolt of fire
             ... on level 5 of the Realm of Zot.
             The game lasted 04:13:08 (46913 turns).

GodofButter the Hoplite (Gargoyle Fighter)         Turns: 46913, Time: 04:13:09

Health: -55/162    AC: 70    Str: 33    XL:     27
Magic:  26/26      EV: 14    Int: 11    God:    Makhleb [******]
Gold:   3022       SH: 39    Dex:  5    Spells: 25/26 levels left

rFire    . . .     SeeInvis +   w - +9 demon whip (venom)
rCold    . . .     Gourm    .   B - +13 plate armour of Xigity {rPois Str+5 SInv Stlth-}
rNeg     + . .     Faith    .   k - +8 large shield
rPois    ∞         Spirit   .   P - +2 helmet
rElec    +         Reflect  +   Y - +2 cloak {+Inv}
rCorr    .         Harm     .   v - +2 pair of gloves
MR       +++..                  e - +1 pair of boots
Stlth    ..........             a - +4 amulet of reflection
Regen    0.4/turn               y - +4 ring of protection
MPRegen  0.2/turn               j - ring "Pamnocekh" {Int+3 Slay+5}

@: flying, very slightly contaminated, invisible (expiring)
A: big wings, hooves 1, clumsy 2, deterioration 1, dopey 2, magic resistance 1,
negative energy resistance 1, screaming 1, electricity resistance, weak 1,
unbreathing, petrification resistance, rot immunity, MP-powered wands, AC +20
}: 3/15 runes: decaying, serpentine, silver
a: Stop Flying, Minor Destruction, Lesser Servant of Makhleb, Major Destruction,
Greater Servant of Makhleb, Renounce Religion, Turn Visible


You were on level 5 of the Realm of Zot.
You worshipped Makhleb.
Makhleb was exalted by your worship.
You were full.

You visited 8 branches of the dungeon, and saw 46 of its levels.
You also visited: Labyrinth, Bailey and Desolation.

You collected 4642 gold pieces.
You spent 1620 gold pieces at shops.

Inventory:

Hand Weapons
 w - a +9 demon whip of venom (weapon)
 A - the +10 mace "Hidannug" {freeze, +Inv Str+5 SInv}
   (You found it on level 6 of the Dungeon)

   It has been specially enchanted to freeze those struck by it, causing extra
   injury to most foes and up to half again as much damage against particularly
   susceptible opponents.
   It can also slow down cold-blooded creatures.
   It affects your strength (+5).
   It lets you see invisible.
   It lets you turn invisible.
 K - a +7 vampiric demon whip
Armour
 e - a +1 pair of boots (worn)
 k - a +8 large shield (worn)
 v - a +2 pair of gloves (worn)
 B - the +13 plate armour of Xigity (worn) {rPois Str+5 SInv Stlth-}
   (You found it in a bailey)

   It affects your strength (+5).
   It protects you from poison.
   It lets you see invisible.
   It makes you less stealthy.
 P - a +2 helmet (worn)
 Y - a +2 cloak of invisibility (worn)
Jewellery
 a - a +4 amulet of reflection (around neck)
 j - the ring "Pamnocekh" (left hand) {Int+3 Slay+5}
   (You acquired it on level 2 of the Realm of Zot)

   [ring of slaying]

   It affects your intelligence (+3).
   It affects your accuracy and damage with ranged weapons and melee attacks
   (+5).
 u - an uncursed amulet of the gourmand
 y - a +4 ring of protection (right hand)
Wands
 F - a wand of clouds (9/9)
 L - a wand of clouds (7/9)
Scrolls
 b - 20 scrolls of remove curse
 c - 5 scrolls of amnesia
 m - 2 scrolls of fog
 n - a scroll of silence
 o - 3 scrolls of summoning
 r - 8 scrolls of identify
 G - a scroll of fear
 O - 2 scrolls of magic mapping
 S - 10 scrolls of teleportation
 Z - a scroll of holy word
Potions
 d - 3 potions of might
 l - 8 potions of curing
 q - a potion of heal wounds
 s - a potion of agility
 D - 4 potions of cancellation
 N - 2 potions of mutation
 Q - a potion of ambrosia
 R - 4 potions of resistance
 T - 4 potions of invisibility
 V - a potion of berserk rage
 W - 3 potions of haste
 X - 7 potions of magic
Books
 M - a book of Battle

   Spells                             Type                      Level
   a - Infusion                       Charms                       1
   b - Shroud of Golubria             Charms/Translocation         2
   c - Song of Slaying                Charms                       2
   d - Spectral Weapon                Hexes/Charms                 3
   e - Regeneration                   Charms/Necromancy            3
Miscellaneous
 h - 4 phantom mirrors
 t - 2 boxes of beasts
 x - a sack of spiders
Comestibles
 f - 21 bread rations
 p - 11 royal jellies
 z - 9 meat rations
 E - 7 fruits


   Skills:
 - Level 13.6 Fighting
 - Level 12.0 Maces & Flails
 - Level 18.3 Armour
 + Level 25.0 Dodging
 - Level 1.4 Stealth
 - Level 25.4 Shields
 - Level 0.9 Invocations
 - Level 4.3 Evocations


You had 25 spell levels left.
You knew the following spells:

 Your Spells              Type           Power        Failure   Level  Hunger
a - Infusion              Chrm           #...         96%         1    ##.....


Dungeon Overview and Level Annotations

Branches:
Dungeon (15/15)            Temple (0/1) D:7            Lair (6/6) D:10
  Swamp (4/4) Lair:2        Snake (4/4) Lair:4        Slime (0/5) Lair:5
    Orc (2/2) D:11            Elf (0/3) Orc:2        Vaults (5/5) D:13
  Crypt (0/3) Vaults:3     Depths (5/5) D:15            Zot (5/5) Depths:5

Altars:
Cheibriados
Dithmenos
Elyvilon
Fedhas
Kikubaaqudgha
Makhleb
Sif Muna
Trog
Uskayaw
Vehumet
Wu Jian
Xom
Yredelemnul
Zin
The Shining One
Beogh
Lugonu

Shops:
D:4 !   D:5 (?[(   D:11 %   D:13 :   D:14 *   Orc:2 *(:[   Snake:4 (
Vaults:1 }   Vaults:4 (   Depths:3 (   Depths:4 ?

Portals:
Hell: Depths:1 Depths:2 Depths:3 Depths:4 Depths:5
Abyss: Depths:1 Depths:4
Pandemonium: Depths:3
Ziggurat: Depths:2

Annotations:
Depths:1 exclusion: orange crystal statue


Innate Abilities, Weirdness & Mutations

You are resistant to torment.
Your stone body is resilient. (AC +20)
You are immune to poison.
Your large and strong wings let you fly indefinitely.
You resist negative energy. (rN+)
You are resistant to electric shocks. (rElec)
You can survive without breathing.
You are immune to petrification.
You are immune to rotting.
You have large cloven feet.
You are very clumsy. (Dex -4)
Your body sometimes deteriorates upon taking damage.
You are very dopey. (Int -4)
You are resistant to hostile enchantments. (MR+)
You occasionally shout uncontrollably at your foes.
You are weak. (Str -2)
You expend magic power (3 MP) to strengthen your wands.


Message History

You fade into invisibility!
You are very lightly contaminated with residual magic.
You are feeling hungry.
Okay, then.
You eat one of the 10 meat rations.
That meat ration really hit the spot!
You hear a distant "Zot"!
You are no longer corroded.
You hear a distant "Zot"!
The orb of fire glows red.
The bolt of fire misses you. You block the Orb Guardian's attack.
You flicker for a moment.
The orb of fire glows bright magenta.
The fireball explodes!
The fireball engulfs you!
* * * LOW HITPOINT WARNING * * *
You hear a distant "Zot"!
You block the Orb Guardian's attack.
The orb of fire glows red.
The bolt of fire hits you!
Ouch! That really hurt!
You die...

*▓.........q..!..^...▓##
*▓.......X...^...▓▓▓▓
▓▓.....##▓▓▓▓▓▓▓▓****
##...............,,,,***
##.....X*.........**,,,,**
##.................,***,,,**
#........^.........,,***,,,,
#.....^.^..........,,* **,,,
#........X.@.......,,* *,,,
#^........[........,,* **,,
#.....)...^........,,* *,,
#..................,,* **,,
##.^....^..........,** *,,,
##................** **,,,
##..............#* *,,,,
*******################
****** *,*,,,,,,,**,* *,*
*,*


You could see an orb of fire and 2 Orb Guardians.

Vanquished Creatures
  An orb of fire (Zot:1)
  2 juggernauts
  Sojobo (Vaults:5)
  2 Killer Klowns (Zot:1)
  A curse toe (Zot:4)
  Nikola (Swamp:1)
  A caustic shrike (Depths:2)
  8 golden dragons
  2 bone dragons
  3 liches (Depths:4)
  An electric golem (Zot:1)
  The ghost of ShutUppercut the Warrior, an adept HOFi of Qazlal (Vaults:1)
  Jorgrun (Snake:4)
  19 tentacled monstrosities
  5 Orb Guardians (Zot:5)
  7 titans
  8 quicksilver dragons
  The ghost of Thalamas the Eclecticist, an adept DsWn of Vehumet (Desolation)
  10 sphinxes
  8 death cobs
  Kirke (Lair:5)
  The ghost of convarich the Bludgeoner, an adept DsMo of Hepliaklqana (Snake:3)
  8 shadow dragons
  5 tengu reavers
  Donald (Snake:4)
  5 draconian monks
  12 fire giants
  2 azure jellies (Vaults:2)
  16 storm dragons
  8 nagarajas (Snake:4)
  A deep elf sorcerer (Vaults:3)
  3 orc warlords
  7 frost giants
  5 draconian knights
  8 draconian scorchers
  7 iron dragons
  An imperial myrmidon (Desolation)
  Aizul (Snake:4)
  2 balrugs (Zot:4)
  A deep elf elementalist (Vaults:5)
  A ghost moth (Zot:1)
  3 draconian shifters
  14 vault wardens
  3 draconian stormcallers
  2 war gargoyles (Vaults:5)
  20 ironheart preservers
  6 draconian annihilators
  9 very ugly things
  14 stone giants
  2 entropy weavers (shapeshifter) (Zot:4)
  2 deep elf demonologists
  4 vampire knights
  7 green draconians
  2 deep elf annihilators
  18 black draconians
  6 large abominations
  17 purple draconians
  A yellow draconian (shapeshifter) (Zot:4)
  15 white draconians
  6 red draconians
  10 spark wasps
  Snorg (D:11)
  11 yellow draconians
  A minotaur (Lab)
  14 ettins
  A crystal guardian (Zot:4)
  13 fire dragons
  An ettin (shapeshifter) (Depths:4)
  3 deep elf high priests
  Josephine (D:11)
  5 deep elf death magi
  31 vault guards
  14 ogre magi
  7 rakshasas
  18 great orbs of eyes
  A great orb of eyes (shapeshifter) (Vaults:5)
  2 peacekeepers (Desolation)
  13 yaktaur captains
  A spriggan air mage (Depths:2)
  9 ice dragons
  2 anacondas
  A ghost crab (Swamp:1)
  11 naga warriors (Snake:4)
  A catoblepas (Lair:6)
  A hydra (shapeshifter) (Zot:4)
  9 hydras
  9 centaur warriors
  4 death knights
  43 two-headed ogres
  4 alligators
  3 dancing weapons
  A death yak (shapeshifter) (Vaults:2)
  3 death yaks (Lair:6)
  2 queen ants (shapeshifter)
  9 deep troll earth magi
  An orc high priest (Orc:2)
  10 deep troll shamans
  2 tengu warriors
  The ghost of TySteely the Fighter, a novice GrFi of Cheibriados (Bailey)
  5 shock serpents
  A shock serpent (shapeshifter) (D:15)
  4 spriggan berserkers
  5 naga sharpshooters
  6 deep elf knights
  3 skeletal warriors (Vaults:2)
  The ghost of GodofButter the Cleaver, a novice DrBe of Trog (D:7)
  A fire crab (shapeshifter) (Vaults:1)
  A fire crab (Lair:6)
  5 iron trolls
  7 salamander mystics
  An unseen horror (shapeshifter) (Vaults:2)
  11 hell knights (Depths:5)
  37 deep trolls
  An entropy weaver zombie (Vaults:2)
  An unseen horror (D:13)
  4 wizards
  A glowing orange brain (shapeshifter) (Depths:4)
  2 spriggan druids
  A swamp dragon (Lair:2)
  7 glowing orange brains
  A shambling mangrove (Swamp:4)
  14 ironbrand convokers
  2 flayed ghosts
  9 naga ritualists
  Pikel (D:7)
  2 deep elf archers (Vaults:3)
  5 phantasmal warriors
  7 necromancers
  A harpy (shapeshifter) (Vaults:1)
  3 orb spiders (Zot:4)
  A wolf spider zombie (D:12)
  A shadow dragon skeleton (Depths:1)
  A fire giant zombie (Vaults:2)
  5 harpies (Vaults:3)
  11 deep elf magi
  34 ugly things
  4 orc sorcerers
  4 mana vipers
  16 orc knights
  5 wolf spiders
  18 salamanders
  A tengu skeleton (Depths:3)
  34 moths of wrath
  8 cyclopes
  A manticore (D:8)
  3 elephants (Lair:6)
  An elephant (shapeshifter) (Depths:4)
  A salamander (shapeshifter) (Vaults:3)
  4 rust devils (Depths:5)
  8 guardian serpents
  23 vault sentinels
  2 ice statues (Vaults:2)
  6 naga magi
  A frost giant skeleton (Depths:3)
  17 black mambas
  A fire giant skeleton (Depths:3)
  2 gargoyles
  24 spiny frogs
  A spiny frog (shapeshifter) (Vaults:3)
  30 yaktaurs
  3 rime drakes
  A kobold demonologist (D:13)
  An anaconda simulacrum (Vaults:2)
  A redback zombie (D:14)
  A hellion (Depths:1)
  6 komodo dragons
  A tengu conjurer (Depths:3)
  13 freezing wraiths
  A yaktaur skeleton (Depths:1)
  2 harpy zombies (Zot:4)
  A jumping spider (shapeshifter) (Vaults:5)
  3 meliai (D:15)
  A red devil (Depths:1)
  A meliai (shapeshifter) (Depths:1)
  8 small abominations
  Prince Ribbit (D:6)
  4 saltlings (Desolation)
  A queen bee (Lair:1)
  6 trolls
  10 tyrant leeches
  4 bog bodies
  7 hornets
  27 slime creatures
  8 raiju (Zot:4)
  23 blink frogs (Lair:6)
  5 dream sheep (Lair:6)
  7 hippogriffs
  A frost giant simulacrum (Depths:3)
  A meliai zombie (D:13)
  A fire dragon zombie (Depths:1)
  2 shadows
  A tarantella (shapeshifter) (D:13)
  A tarantella (Vaults:5)
  A centaur simulacrum (D:15)
  2 redbacks (Vaults:5)
  2 wyverns
  6 wraiths
  An ice dragon skeleton (Depths:1)
  2 spriggans (Swamp:2)
  6 water elementals
  2 hogs (Lair:5)
  A human (shapeshifter) (Vaults:1)
  20 yaks
  Grum (D:11)
  5 hungry ghosts
  17 vampire mosquitoes
  4 basilisks
  5 wargs
  5 insubstantial wisps (Swamp:2)
  3 swamp worm simulacra (Swamp:4)
  An acid dragon (shapeshifter) (Vaults:3)
  A deep troll zombie (Vaults:2)
  2 acid dragons
  14 swamp worms
  A warg (shapeshifter) (Depths:1)
  47 nagas
  2 soldier ants
  6 water moccasins
  12 hydra simulacra
  A floating eye (Depths:4)
  2 hell hounds (Depths:1)
  Purgy (D:3)
  12 porcupines
  5 swamp drakes
  3 ice beasts
  3 eyes of draining
  53 orc warriors
  A hornet zombie (D:13)
  A fire dragon simulacrum (Vaults:2)
  A sky beast (shapeshifter) (Depths:4)
  An ettin simulacrum (Vaults:2)
  3 necrophages
  4 sky beasts
  41 ogres
  3 phantoms (D:4)
  15 wolves
  6 boggarts
  16 centaurs
  11 crocodiles
  2 big kobolds (D:8)
  A water moccasin zombie (D:7)
  A wyvern zombie (D:13)
  31 bullfrogs
  A glowing shapeshifter simulacrum (Vaults:1)
  A human skeleton (Vaults:2)
  3 scorpions
  A wyvern skeleton (D:6)
  2 human simulacra (Vaults:1)
  50 killer bees
  2 elephant simulacra (Vaults:2)
  4 wights (D:9)
  An electric eel (Lair:6)
  6 centaur zombies
  7 howler monkeys
  9 crimson imps
  A quasit (D:10)
  7 hounds
  5 jellies
  Crazy Yiuf (D:6)
  A bullfrog skeleton (D:12)
  19 orc priests
  6 centaur skeletons
  6 iguanas
  19 orc wizards
  13 worker ants
  2 troll simulacra (Vaults:2)
  2 hound skeletons
  A worker ant zombie (D:10)
  10 gnolls
  2 howler monkey skeletons
  11 adders
  A naga simulacrum (Vaults:2)
  4 shadow imps
  A white imp (Vaults:1)
  5 swamp drake simulacra (Swamp:4)
  4 oozes
  An adder zombie (D:5)
  An adder skeleton (D:7)
  3 worms
  4 dart slugs (D:1)
  4 leopard geckos
  112 orcs
  8 giant cockroaches
  18 goblins
  9 hobgoblins
  5 jackals
  16 kobolds
  6 quokkas
  7 bats
  5 frilled lizards
  2 gnoll zombies (D:5)
  A leopard gecko zombie (D:5)
  A quokka skeleton (D:8)
  2 rats
  A crawling corpse (Vaults:5)
  A fungus (Orc:2)
1978 creatures vanquished.

Vanquished Creatures (collateral kills)
  An entropy weaver (Vaults:5)
  A fire dragon (Vaults:2)
  An orc high priest (Orc:2)
  A phantasmal warrior (Vaults:5)
4 creatures vanquished.

Vanquished Creatures (others)
  Vashnia (Snake:4)
  Asterion (Snake:2)
  2 draconian knights
  A draconian shifter (Zot:1)
  4 stone giants
  An ettin (Vaults:5)
  3 yaktaur captains
  4 centaur warriors
  3 naga sharpshooters
  A small abomination (Vaults:5)
  A spriggan druid (Swamp:4)
  2 deep elf archers
  20 yaktaurs
  A bog body (Swamp:4)
  A human (Lair:5)
  A warg (Vaults:2)
  An orc warrior (Vaults:3)
  An ogre (Vaults:3)
  2 boggarts (Vaults:1)
  5 centaurs
  A killer bee (D:7)
  2 jellies
  A killer bee zombie (D:7)
  An ooze (Lair:5)
  2 orcs
  9 kobolds
  A butterfly (Zot:4)
  4 fungi
  28 plants (Lair:6)
105 creatures vanquished.

Grand Total: 2087 creatures vanquished

Notes
Turn   | Place    | Note
-------+----------+-------------------------------------------
     0 | D:1      | GodofButter the Gargoyle Fighter began the quest for the Orb.
     0 | D:1      | Reached XP level 1. HP: 14/14 MP: 1/1
   163 | D:1      | Reached XP level 2. HP: 10/19 MP: 2/2
   360 | D:1      | Reached XP level 3. HP: 9/24 MP: 3/3
  1073 | D:2      | Reached XP level 4. HP: 24/29 MP: 4/4
  1560 | D:3      | Reached XP level 5. HP: 29/33 MP: 5/5
  1568 | D:3      | Noticed Purgy
  1585 | D:3      | Killed Purgy
  1585 | D:3      | Reached skill level 1 in Dodging
  1585 | D:3      | Reached XP level 6. HP: 12/38 MP: 6/6
  1678 | D:3      | Found a white marble altar of Elyvilon.
  2197 | D:4      | Found a shimmering altar of Xom.
  2268 | D:4      | Found a glowing golden altar of the Shining One.
  2270 | D:4      | Found a deep blue altar of Sif Muna.
  2270 | D:4      | Found a snail-covered altar of Cheibriados.
  2280 | D:4      | Found a blossoming altar of Fedhas.
  2281 | D:4      | Found a burning altar of Makhleb.
  2283 | D:4      | Found a radiant altar of Vehumet.
  2331 | D:4      | Became a worshipper of Makhleb the Destroyer
  2398 | D:4      | Reached skill level 5 in Shields
  2399 | D:4      | Noticed a phantom
  2463 | D:4      | Killed a phantom
  2521 | D:4      | Reached XP level 7. HP: 36/44 MP: 7/7
  2595 | D:4      | Reached skill level 5 in Maces & Flails
  2626 | D:4      | Found Yryllimu's Distillery.
  2634 | D:4      | Bought a potion of heal wounds for 60 gold pieces
  2634 | D:4      | Bought a potion of mutation for 96 gold pieces
  2638 | D:4      | Gained mutation: You are clumsy. (Dex -2) [potion of mutation]
  2638 | D:4      | Gained mutation: Your flesh is cold resistant. (rC+) [potion of mutation]
  2639 | D:4      | Lost mutation: You are clumsy. (Dex -2) [potion of mutation]
  2639 | D:4      | Lost mutation: Your flesh is cold resistant. (rC+) [potion of mutation]
  2639 | D:4      | Gained mutation: Your spells are a little harder to cast, but a little more powerful. [potion of mutation]
  2639 | D:4      | Gained mutation: You possess an exceptional clarity of mind. [potion of mutation]
  3044 | D:4      | Reached XP level 8. HP: 36/48 MP: 8/8
  3170 | D:5      | Entered Level 5 of the Dungeon
  3182 | D:5      | Found Owirared's Weapon Emporium.
  3239 | D:5      | Found Purohuvu's Magic Scroll Emporium.
  3253 | D:5      | Found Urithrod's Antique Armour Boutique.
  3258 | D:5      | Reached skill level 5 in Fighting
  3258 | D:5      | Reached skill level 1 in Stealth
  3322 | D:5      | Found Sitt's Weapon Shop.
  3573 | D:5      | Reached * piety under Makhleb
  3801 | D:5      | Found a blossoming altar of Fedhas.
  4088 | D:5      | Found a basalt altar of Yredelemnul.
  4160 | D:5      | Reached XP level 9. HP: 54/54 MP: 9/9
  4190 | D:6      | Noticed Prince Ribbit
  4303 | D:6      | Got a jewelled mace
  4310 | D:6      | Found a runed door.
  4314 | D:6      | Noticed Crazy Yiuf
  4322 | D:6      | Killed Crazy Yiuf
  4351 | D:6      | Identified the +10 mace "Hidannug" {freeze, +Inv Str+5 SInv} (You found it on level 6 of the Dungeon)
  4504 | D:6      | Killed Prince Ribbit
  4549 | D:6      | Found a glowing silver altar of Zin.
  4587 | D:6      | Found an ornate altar of the Wu Jian Council.
  5365 | D:7      | Noticed GodofButter's ghost (novice DrBe)
  5384 | D:7      | Killed GodofButter's ghost
  5584 | D:7      | Noticed Pikel
  5605 | D:7      | Killed Pikel
  5605 | D:7      | Reached XP level 10. HP: 46/61 MP: 10/10
  5628 | D:7      | Found a bloodstained altar of Trog.
  5638 | D:7      | Reached ** piety under Makhleb
  5751 | D:7      | Gained mutation: Your spells are harder to cast, but more powerful. [mutagenic meat]
  5752 | D:7      | Gained mutation: You are clumsy. (Dex -2) [mutagenic meat]
  5754 | D:7      | Gained mutation: You are resistant to hostile enchantments. (MR+) [mutagenic meat]
  5757 | D:7      | Gained mutation: You have large cloven feet. [mutagenic meat]
  5758 | D:7      | Gained mutation: Your body sometimes deteriorates upon taking damage. [mutagenic meat]
  5896 | D:7      | Found a staircase to the Ecumenical Temple.
  5933 | D:7      | Reached skill level 10 in Shields
  5943 | D:7      | Lost mutation: Your body sometimes deteriorates upon taking damage. [mutagenic meat]
  5947 | D:7      | Gained mutation: Your magical capacity is low. (-10% MP) [mutagenic meat]
  5949 | D:7      | Gained mutation: Your spells are much harder to cast, but much more powerful. [mutagenic meat]
  5950 | D:7      | Lost mutation: Your magical capacity is low. (-10% MP) [mutagenic meat]
  6070 | D:8      | Noticed a two-headed ogre
  6077 | D:8      | Killed a two-headed ogre
  6077 | D:8      | Reached skill level 10 in Maces & Flails
  6306 | D:8      | Gained mutation: You expend magic power (3 MP) to strengthen your wands. [mutagenic meat]
  6489 | D:8      | Found a hide-covered altar of Uskayaw.
  6727 | D:8      | Noticed a manticore
  6737 | D:8      | Killed a manticore
  6948 | D:8      | Reached XP level 11. HP: 67/67 MP: 11/11
  6982 | D:8      | Reached *** piety under Makhleb
  7596 | D:10     | Entered Level 10 of the Dungeon
  7598 | D:10     | Noticed a two-headed ogre
  7604 | D:10     | Killed a two-headed ogre
  7630 | D:10     | Reached **** piety under Makhleb
  8014 | D:10     | Found a staircase to the Lair.
  8257 | Lair:1   | Entered Level 1 of the Lair of Beasts
  8350 | Lair:1   | Got a scintillating marble ring
  8502 | Lair:1   | Noticed a five-headed hydra
  8532 | Lair:1   | Killed a five-headed hydra
  8696 | Lair:1   | Reached XP level 12. HP: 74/74 MP: 12/12
  9124 | Lair:1   | Identified the ring "Koghysost" {rF+ rC+ Dex+2} (You found it on level 1 of the Lair of Beasts)
  9158 | Lair:2   | Found a staircase to the Swamp.
  9402 | Lair:2   | Reached ***** piety under Makhleb
  9702 | Lair:2   | Found a burning altar of Makhleb.
 10752 | Lair:4   | Noticed a seven-headed hydra
 10763 | Lair:4   | Killed a seven-headed hydra
 10864 | Lair:4   | Reached skill level 15 in Shields
 10902 | Lair:4   | Noticed a six-headed hydra
 10911 | Lair:4   | Killed a six-headed hydra
 11086 | Lair:4   | Found a staircase to the Snake Pit.
 11300 | Lair:5   | Noticed Kirke
 11321 | Lair:5   | Killed Kirke
 11365 | Lair:5   | Noticed a six-headed hydra
 11377 | Lair:5   | Killed a six-headed hydra
 11377 | Lair:5   | Reached XP level 13. HP: 79/79 MP: 13/13
 11413 | Lair:5   | Found an ornate altar of the Wu Jian Council.
 11522 | Lair:5   | Found a staircase to the Slime Pits.
 12058 | Lair:6   | Entered Level 6 of the Lair of Beasts
 12632 | Lair:6   | Found a shadowy altar of Dithmenos.
 12703 | Lair:6   | Reached ****** piety under Makhleb
 12745 | Lair:6   | Gained mutation: Your large and strong wings let you fly indefinitely. [Gargoyle growth]
 12745 | Lair:6   | Reached XP level 14. HP: 84/84 MP: 14/14
 13159 | Lair:6   | Got a shimmering ring mail
 13712 | D:11     | Noticed Snorg
 13727 | D:11     | Killed Snorg
 13730 | D:11     | Found a flagged portal.
 13760 | Bailey   | Entered a bailey
 13765 | Bailey   | Noticed an orc warlord
 13766 | Bailey   | Noticed TySteely's ghost (novice GrFi)
 13885 | Bailey   | Found a runed gate.
 13888 | Bailey   | Found a runed gate.
 13890 | Bailey   | Found a runed gate.
 14041 | Bailey   | Killed TySteely's ghost
 14053 | Bailey   | Killed an orc warlord
 14070 | Bailey   | Got a dazzling plate armour
 14087 | Bailey   | Identified the +13 plate armour of Xigity {rPois Str+5 SInv Stlth-} (You found it in a bailey)
 14127 | Bailey   | Reached XP level 15. HP: 89/89 MP: 14/18
 14252 | D:11     | Noticed Josephine
 14261 | D:11     | Killed Josephine
 14341 | D:11     | Found Niugosen's Food Emporium.
 14501 | D:11     | Noticed Grum
 14517 | D:11     | Killed Grum
 14623 | D:11     | Found a roughly hewn altar of Beogh.
 14623 | D:11     | Found a staircase to the Orcish Mines.
 15243 | Orc:1    | Entered Level 1 of the Orcish Mines
 15321 | Orc:2    | Entered Level 2 of the Orcish Mines
 15441 | Orc:2    | Noticed an orc warlord
 15529 | Orc:2    | Killed an orc warlord
 15565 | Orc:2    | Found Pogiv's General Store.
 15579 | Orc:2    | Found a staircase to the Elven Halls.
 15585 | Orc:2    | Found Ladial's Book Shop.
 15622 | Orc:2    | Found Itounire's Antique Armour Shop.
 15680 | Orc:2    | Bought a pair of runed gloves for 157 gold pieces
 15744 | Orc:2    | Found Rudoesum's Antique Weapon Shoppe.
 16667 | Orc:2    | Bought a scroll of enchant armour for 120 gold pieces
 16767 | D:12     | Found a roughly hewn altar of Beogh.
 17072 | D:12     | Identified a scroll of acquirement
 17525 | D:12     | Reached XP level 16. HP: 82/96 MP: 19/19
 17907 | D:13     | Found a gate to the Vaults.
 18010 | D:13     | Found Qytass's Book Emporium.
 18019 | D:13     | Found a labyrinth entrance.
 18029 | Lab      | Entered a labyrinth
 19379 | Lab      | Got a translucent wooden ring
 19385 | Lab      | Identified The Lost Incunabulum of the Archmage
 19418 | D:13     | Identified the ring "Bibien" {Fire SInv} (You took it off a minotaur in a labyrinth)
 19940 | D:14     | Found Vihyetug's General Store.
 19949 | D:14     | Reached skill level 10 in Fighting
 20003 | D:14     | Bought a scroll of identify for 32 gold pieces
 20003 | D:14     | Bought a potion of haste for 160 gold pieces
 20003 | D:14     | Bought 2 scrolls of enchant armour for 240 gold pieces
 20003 | D:14     | Bought a bread ration for 80 gold pieces
 20321 | D:14     | Found a corrupted altar of Lugonu.
 20599 | D:15     | Entered Level 15 of the Dungeon
 21262 | D:15     | Found a staircase to the Depths.
 21540 | Swamp:1  | Entered Level 1 of the Swamp
 21542 | Swamp:1  | Noticed Nikola
 21603 | Swamp:1  | Killed Nikola
 22015 | Swamp:2  | Reached XP level 17. HP: 105/105 MP: 20/20
 22354 | Swamp:4  | Entered Level 4 of the Swamp
 23240 | Swamp:4  | Got a decaying rune of Zot
 23464 | Swamp:1  | Got a ripped robe
 23465 | Swamp:1  | Identified the +2 robe of Weightlessness {MR+ Str-3 Int+2} (You found it on level 1 of the Swamp)
 23583 | Snake:1  | Entered Level 1 of the Snake Pit
 23737 | Snake:2  | Noticed Asterion
 23754 | Snake:2  | Killed Asterion
 23833 | Snake:4  | Entered Level 4 of the Snake Pit
 23873 | Snake:3  | Noticed convarich's ghost (adept DsMo)
 23908 | Snake:3  | Killed convarich's ghost
 24044 | Snake:4  | Noticed Donald
 24069 | Snake:4  | Killed Donald
 24377 | Snake:4  | Noticed Aizul
 24410 | Snake:4  | Killed Aizul
 24419 | Snake:4  | Found Zukiro's Weapon Shop.
 24893 | Snake:4  | Noticed Jorgrun
 24946 | Snake:4  | Killed Jorgrun
 24978 | Snake:4  | Noticed Vashnia
 24998 | Snake:4  | Reached XP level 18. HP: 114/114 MP: 21/21
 25088 | Snake:4  | Killed Vashnia
 25276 | Snake:4  | Reached skill level 5 in Armour
 25569 | Snake:4  | Got a serpentine rune of Zot
 25865 | Vaults:1 | Entered Level 1 of the Vaults
 26262 | Vaults:1 | Noticed ShutUppercut's ghost (adept HOFi)
 26305 | Vaults:1 | Killed ShutUppercut's ghost
 26305 | Vaults:1 | Reached skill level 10 in Armour
 26475 | Vaults:1 | Reached XP level 19. HP: 114/120 MP: 22/22
 26621 | Vaults:1 | Found Ismued's Gadget Emporium.
 26947 | Vaults:1 | Paralysed by a sphinx for 3 turns
 27583 | Vaults:2 | Noticed an Ice Fiend
 28239 | Vaults:2 | Reached skill level 15 in Armour
 28502 | Vaults:2 | Reached XP level 20. HP: 126/126 MP: 23/23
 29171 | Vaults:2 | Noticed an iron giant
 29171 | Vaults:2 | an iron giant changed into an iron dragon
 29560 | Vaults:2 | Identified the Tome of Ice
 29810 | Vaults:3 | Found a ruined gateway.
 29832 | Desolati | Entered the Desolation of Salt
 29850 | Desolati | Noticed Thalamas's ghost (adept DsWn)
 29896 | Desolati | Killed Thalamas's ghost
 30005 | Vaults:3 | Found a staircase to the Crypt.
 30005 | Vaults:3 | Found an ancient bone altar of Kikubaaqudgha.
 30005 | Vaults:3 | Found a basalt altar of Yredelemnul.
 30158 | Vaults:3 | Reached skill level 5 in Dodging
 30672 | Vaults:4 | Reached XP level 21. HP: 131/131 MP: 24/24
 30728 | Vaults:4 | Found Bairos's Antique Weapon Emporium.
 30856 | Vaults:5 | Entered Level 5 of the Vaults
 31066 | Vaults:5 | Got a wavering tin ring
 31184 | Vaults:5 | Reached skill level 10 in Dodging
 31840 | Vaults:5 | Reached XP level 22. HP: 90/136 MP: 25/25
 31925 | Vaults:5 | Identified the ring of Fixation {Fire Dex+4} (You took it off a vault warden on level 5 of the Vaults)
 32161 | Vaults:5 | Paralysed by a sphinx for 3 turns
 32443 | Vaults:5 | Noticed Sojobo
 32612 | Vaults:5 | Killed Sojobo
 33063 | Vaults:5 | Got a silver rune of Zot
 33300 | Vaults:5 | Noticed a golden dragon
 33324 | Vaults:5 | Killed a golden dragon
 33989 | Vaults:4 | Reached skill level 15 in Dodging
 34244 | Depths:1 | Entered Level 1 of the Depths
 35217 | Depths:1 | Found a one-way gate to the infinite horrors of the Abyss.
 35335 | Depths:1 | Reached XP level 23. HP: 141/141 MP: 26/26
 35366 | Depths:1 | Found a gateway to Hell.
 36638 | Depths:2 | Noticed a caustic shrike
 36666 | Depths:2 | Killed a caustic shrike
 37136 | Depths:2 | Noticed a golden dragon
 37149 | Depths:2 | Killed a golden dragon
 37192 | Depths:2 | Found a gateway to a ziggurat.
 37644 | Depths:3 | Found a one-way gate leading to the halls of Pandemonium.
 37785 | Depths:3 | Found Agigyir's Antique Weapon Boutique.
 38382 | Depths:4 | Found Sobytagh's Magic Scroll Shop.
 38464 | Depths:4 | Found a deep blue altar of Sif Muna.
 38465 | Depths:4 | Bought a scroll of identify for 20 gold pieces
 38465 | Depths:4 | Bought a scroll of remove curse for 30 gold pieces
 38465 | Depths:4 | Bought a scroll of acquirement for 520 gold pieces
 38465 | Depths:4 | Bought a scroll of enchant armour for 75 gold pieces
 38465 | Depths:4 | Bought a scroll of teleportation for 30 gold pieces
 39058 | Depths:4 | Reached XP level 24. HP: 147/147 MP: 26/26
 39107 | Depths:4 | Noticed a juggernaut
 39176 | Depths:4 | Killed a juggernaut
 39530 | Depths:5 | Entered Level 5 of the Depths
 39939 | Depths:5 | Noticed a juggernaut
 39975 | Depths:5 | Killed a juggernaut
 40050 | Depths:5 | Found a gate to the Realm of Zot.
 40699 | Depths:5 | Found a basalt altar of Yredelemnul.
 40763 | Depths:5 | Reached XP level 25. HP: 152/152 MP: 26/26
 41137 | Depths:5 | Got a faintly glowing iron ring
 41217 | Depths:5 | Identified the cursed ring "Usevae Hoeca" {+Blink rElec rN+ Dex-5 Slay-2} (You found it on level 5 of the Depths)
 41357 | Zot:1    | Entered Level 1 of the Realm of Zot
 42211 | Zot:1    | Learned a level 1 spell: Infusion
 42467 | Zot:1    | Noticed a Killer Klown
 42488 | Zot:1    | Noticed a Killer Klown
 42544 | Zot:1    | Killed a Killer Klown
 42674 | Zot:1    | Killed a Killer Klown
 42749 | Zot:1    | Noticed an orb of fire
 42765 | Zot:1    | Gained mutation: You occasionally shout uncontrollably at your foes. [an orb of fire]
 42767 | Zot:1    | Gained mutation: You are very clumsy. (Dex -4) [an orb of fire]
 42775 | Zot:1    | Lost mutation: Your spells are much harder to cast, but much more powerful. [an orb of fire]
 42778 | Zot:1    | Killed an orb of fire
 43320 | Zot:1    | Reached XP level 26. HP: 157/157 MP: 26/26
 43988 | Zot:2    | Got a slimy bone ring
 43989 | Zot:2    | Identified the ring "Pamnocekh" {Int+3 Slay+5} (You acquired it on level 2 of the Realm of Zot)
 45957 | Zot:4    | Reached XP level 27. HP: 159/162 MP: 26/26
 46099 | Zot:4    | Found a glowing silver altar of Zin.
 46647 | Zot:5    | Entered Level 5 of the Realm of Zot
 46795 | Zot:5    | Noticed an orb of fire
 46795 | Zot:5    | Noticed an orb of fire
 46795 | Zot:5    | Noticed an orb of fire
 46795 | Zot:5    | Noticed an orb of fire
 46795 | Zot:5    | Noticed an ancient lich
 46796 | Zot:5    | Lost mutation: You possess an exceptional clarity of mind. [an orb of fire]
 46801 | Zot:5    | Gained mutation: You are dopey. (Int -2) [an orb of fire]
 46808 | Zot:5    | Gained mutation: Your body sometimes deteriorates upon taking damage. [an orb of fire]
 46883 | Zot:5    | Noticed an orb of fire
 46883 | Zot:5    | Gained mutation: You are very dopey. (Int -4) [an orb of fire]
 46888 | Zot:5    | Noticed an orb of fire
 46888 | Zot:5    | Gained mutation: You are weak. (Str -2) [an orb of fire]
 46890 | Zot:5    | Lost mutation: Your spells are harder to cast, but more powerful. [an orb of fire]
 46895 | Zot:5    | Lost mutation: Your spells are a little harder to cast, but a little more powerful. [an orb of fire]
 46913 | Zot:5    | Killed from afar by an orb of fire

Vault maps used:
D:1:      roderic_octagonal_star
D:2:      first_bread
D:3:      lemuel_round_altar, uniq_purgy
D:4:      xom_butterflies, minitemple, serial_shops, shop_fountains
D:5:      minmay_diamond_boxcup, lemuel_zombie_altar_yredelemnul, serial_shops,
          shop, nicolae_shop_overgrown_old_shop, shop, nicolae_shop_waterfront,
          serial_park_tiny_pond, fedhas_altar_1
D:6:      lemuel_doored_altar, basic_altar, roderic_bali_sauvastika,
          uniq_crazy_yiuf_cottage, uniq_prince_ribbit1
D:7:      trog_eyes_of_draining, minmay_temple_entry_hall, nrook_mini_backslash,
          uniq_pikel
D:8:      nicolae_overflow_crystal_walls, blue_anna_alchemist
D:9:      serial_bayou_pond_a, minivault_16
D:10:     lair_entry_dummy
D:11:     david_orc_5, serial_shops, nicolae_shop_window_shopping,
          lightli_bailey_entry_fortress, minivault_25, uniq_josephine,
          uniq_snorg, uniq_grum
D:12:     special_room, nicolae_zen_rock_garden, st_stairs_7
D:13:     lightli_vaults_fourway_checkpoint, lab_entry_generic, serial_shops,
          shop, minmay_misc_feat_iff, hangedman_abyss_or_decor_stagger
D:14:     serial_bayou_pond_d, serial_shops, shop, tgw_lugonu_bribe
D:15:     gammafunk_enter_depths_forms, minmay_stone_trees_small
Lair:1:   serial_bayou_shore_b, serial_bayou_shore_b
Lair:2:   minmay_swamp_entry_reptiles, basic_altar, lemuel_fruit_tree,
          grunt_megastairs_4
Lair:4:   minmay_snake_entry_guardpost_small, minivault_24
Lair:5:   nicolae_slime_entry_slimehenge, basic_altar, uniq_kirke
Lair:6:   minmay_lair_end_frog_pond, basic_altar
Swamp:1:  evilmike_swamp_ruin_house_6, swamp_pool1, uniq_nikola
Swamp:2:  nicolae_swamp_round_clearing, infiniplex_staircase_pool
Swamp:3:  nicolae_swamp_fairy_circle, swamp_pool3
Swamp:4:  swamp_icy, grunt_lady_of_the_lake
Snake:1:  nicolae_snakescales, serial_shops, shop_coins
Snake:2:  nicolae_alphabet_shops, uniq_asterion
Snake:3:  grunt_megastairs_3
Snake:4:  johnstein_snake_rune_scales, serial_shops, shop, grunt_ministairs_7,
          serial_bayou_shore_b, uniq_aizul, uniq_donald, uniq_jorgrun
Orc:1:    guppyfry_library_mini
Orc:2:    grunt_orc_gardens, grunt_orc_garden, grunt_orc_garden,
          grunt_orc_garden, grunt_orc_garden, mines5_lemuel
Vaults:1: nicolae_vaults_network_star, vaults_room_grunt_arrival_ludios,
          nicolae_vaults_alarming, v_misc_31, serial_ice_h,
          hangedman_vaults_slice, serial_shops, shop
Vaults:2: st_more_cells, vaults_standard_mumra_x, v_misc_4,
          nicolae_vaults_little_squares_1, vaults_dpeg_doors, v_misc_12,
          vaults_standard_mumra_lines, ontoclasm_vaults_chip,
          ontoclasm_vaults_spin, vaults_room_pool, serial_hangedman_research,
          hangedman_research_quantum, hangedman_research_thermodynamics
Vaults:3: grunt_vaults_bifocal, nicolae_vaults_diagonal_hallway_6, kb_rosetta,
          vaults_room_corners, vaults_room_semicircle, ontoclasm_vaults_eye,
          v_misc_33, vaults_room_pools, vaults_mumra_hex, v_misc_10,
          ontoclasm_vaults_ligature, vaults_dpeg_encased_lava,
          grunt_vaults_diagonal, minmay_crypt_entry_necro_gods,
          portal_desolation_entry_nicolae_slug, lightli_enter_wizlab_magi_temple
Vaults:4: v_misc_22, nicolae_vaults_rhombus_7, hangedman_vaults_river_flow,
          nicolae_vaults_network_s, vaults_room_hallway,
          ontoclasm_vaults_ring_large, nicolae_vaults_little_squares_2,
          serial_ice_h, hangedman_vaults_corner, hangedman_vaults_corner_blocks,
          hangedman_vaults_restitches, serial_shops, nicolae_shop_crystal
Vaults:5: uniq_sojobo
Depths:1: abyss_entry_small_statue_room, hellmouth_1, interstate_on_off,
          spider_trap, st_stairs_7, minmay_protected_statue
Depths:2: minmay_bad_star, enter_ziggurat_d, kennysheep_decorative_pillar,
          hangedman_coc_ice_floe, grunt_ministairs_8
Depths:3: impenetrable_vault, minmay_misc_feat_secret_circle, hell_entry,
          pan_entry, serial_shops, kennysheep_mini_moat
Depths:4: lemuel_traditional_vault, lemuel_round_altar, pf_dread_powers_of_hell,
          abyss_entry, serial_shops, shop_fountains
Depths:5: grunt_zot_entry_gee_three, hell_entry, kennysheep_flooded_box,
          minmay_metal_thing
Zot:1:    grunt_zot_stairs_mandelzot
Zot:3:    kennysheep_oblong_rooms
Zot:4:    hangedman_orp_of_zott
Lab:      labyrinth_spiral, lab_statue, nicolae_lab_hexagon,
          labyrinth_skeletal_remains
Bailey:   bailey_axe_bossmonster_kennysheep, bailey

Skill      XL: |  1  2  3  4  5  6  7  8  9 10 11 12 13 14 15 16 17 18 19 20 21 22 23 24 25 26 27 |
---------------+----------------------------------------------------------------------------------+-----
Maces & Flails | 3 4 5 7 9 10 11 12 | 12.0
Shields        | 4 5 7 9 11 13 16 18 20 21 23 24 25 | 25.4
Fighting       | 4 5 6 7 8 9 11 13 | 13.6
Armour         | 4 11 16 18 | 18.3
Dodging        | 1 2 7 12 15 18 20 22 24 25 | 25.0
Stealth        | 1 |  1.4
Evocations     | 4 |  4.3
Invocations    | |  0.9

Action                   |  1- 3 |  4- 6 |  7- 9 | 10-12 | 13-15 | 16-18 | 19-21 | 22-24 | 25-27 || total
-------------------------+-------+-------+-------+-------+-------+-------+-------+-------+-------++-------
Melee: Flail             |   108 |   194 |       |       |       |       |       |       |       ||   302
       Mace              |       |    62 |   196 |   690 |  1181 |       |       |       |       ||  2129
       Morningstar       |       |       |   148 |       |       |       |       |       |       ||   148
       Demon whip        |       |       |       |       |    95 |  2229 |  2847 |  2715 |  2311 || 10197
Invok: Minor Destruction |       |       |       |     3 |       |       |       |       |       ||     3
       Greater Servant o |       |       |       |       |       |       |     1 |     2 |     2 ||     5
 Abil: Fly               |       |       |       |       |       |     1 |       |       |       ||     1
       Evoke Invisibilit |       |       |       |       |       |       |       |     1 |     1 ||     2
Evoke: Wand              |       |       |       |     4 |       |       |       |     1 |       ||     5
       Box of beasts     |       |       |       |       |     1 |       |       |     2 |       ||     3
       Sack of spiders   |       |       |       |       |       |       |       |     1 |       ||     1
  Use: Scroll            |     1 |     7 |     5 |    11 |    22 |    19 |    10 |     9 |    26 ||   110
       Potion            |       |       |     7 |     5 |     3 |     1 |     5 |     8 |     5 ||    34
 Stab: Petrified         |       |       |       |       |     8 |       |       |       |       ||     8
       Distracted        |       |       |       |       |       |     1 |       |     2 |       ||     3
       Invisible         |       |       |       |       |       |       |       |     3 |       ||     3
  Eat: Chunk             |     1 |     5 |     4 |    23 |       |       |     2 |     4 |     1 ||    40
       Bread ration      |       |       |     1 |       |       |     2 |       |     1 |       ||     4
       Meat ration       |       |       |     1 |     1 |     2 |       |       |     4 |     3 ||    11
       Royal jelly       |       |       |       |     4 |     4 |     9 |     4 |       |     1 ||    22
       Fruit             |       |       |       |       |       |    11 |     9 |     8 |     4 ||    32
Armor: Scale mail        |    60 |    81 |       |       |       |       |       |       |       ||   141
       Troll leather arm |       |   103 |    69 |       |       |       |       |       |       ||   172
       Plate armour      |       |       |    38 |   209 |   380 |   504 |   774 |   546 |   613 ||  3064
Dodge: Dodged            |    46 |   135 |    64 |    61 |   160 |   175 |   297 |   444 |   425 ||  1807
Block: Shield            |    63 |   206 |    49 |       |       |       |       |       |       ||   318
       Large shield      |       |       |   254 |   810 |  1806 |  2645 |  3361 |  2868 |  2655 || 14399
       Reflection        |       |       |     9 |    21 |    87 |   173 |   132 |   132 |    41 ||   595
